 Dungeon Crawl Stone Soup version 0.27.0-1-g7a089689b8 (webtiles) character file.

Game seed: 15576930231773107251

24409 SnakkuSnakku7 the Slinger (level 13, 0/82 (92) HPs)
             Began as an Octopode Arcane Marksman on Aug 14, 2021.
             Was a High Priest of Okawaru.
             Slain by a soul eater (6 damage)
             ... in a Gauntlet.
             The game lasted 00:36:04 (25690 turns).

SnakkuSnakku7 the Slinger (OpAM)                   Turns: 25690, Time: 00:36:04

HP:   0/82 (92)     AC:  1    Str: 18    XL:     13   Next: 12%
MP:   0/19          EV: 28    Int: 16    God:    Okawaru [*****.]
Gold: 622           SH:  0    Dex: 20    Spells: 13/14 levels left

rFire    . . .     SeeInvis .   a - +5 fustibalus (vorpal)
rCold    . . .     Faith    .   (no shield)
rNeg     . . .     Spirit   +   (helmet restricted)
rPois    .         Reflect  .   y - amulet of guardian spirit
rElec    .         Harm     .   i - +4 ring of evasion
rCorr    .         Rampage  .   x - +6 ring of dexterity
Will     .....     NoTele   +   o - +6 ring of strength
Stlth    ++++++++..             (no ring)
HPRegen  0.23/turn              (no ring)
MPRegen  0.16/turn              (no ring)
                                (no ring)
                                (no ring)

@: heroic, heavily drained
A: almost no armour, amphibious, 8 rings, camouflage 1, gelatinous body 1,
(nimble swimmer 1), tentacles
a: Renounce Religion, Heroism, Finesse


You were in a Gauntlet.
You worshipped Okawaru.
Okawaru was extremely pleased with you.
You visited 3 branches of the dungeon, and saw 16 of its levels.
You also visited: Sewer and Gauntlet.

You collected 868 gold pieces.
You spent 246 gold pieces at shops.

Inventory:

Hand Weapons
 a - a +5 vorpal fustibalus (weapon)
 b - a +1 dagger of venom
 k - the +6 hunting sling of Glory {venom, +Blink rC- Str+4}
   (Okawaru gifted it to you on level 3 of the Lair of Beasts)

   Any ammunition fired from it poisons the flesh of those it strikes.
   Str:       It affects your strength (+4).
   rC:        It makes you vulnerable to cold.
   +Blink:    It lets you blink.
Missiles
 c - 76 sling bullets (quivered ammo)
 l - 475 stones
Jewellery
 i - a +4 ring of evasion (left tentacle)
 o - a +6 ring of strength (on tentacle)
 x - a +6 ring of dexterity (right tentacle)
 y - an amulet of guardian spirit (around mantle)
 z - a +6 ring of strength
Wands
 e - a wand of mindburst (3)
 B - a wand of iceblast (10)
Scrolls
 r - 4 scrolls of teleportation
 u - a scroll of enchant armour
 v - a scroll of magic mapping
 w - a scroll of immolation
Potions
 f - 6 potions of curing
 g - 5 potions of mutation
 h - 2 potions of haste
 j - 4 potions of brilliance
 n - a potion of might
 q - a potion of resistance
 s - a potion of attraction
 t - 5 potions of flight


   Skills:
 - Level 10.0(15.0) Fighting
 + Level 12.0(17.0) Slings
 - Level 10.0(15.0) Dodging
 - Level 12.0(17.0) Stealth
 - Level 1.0 Spellcasting
 - Level 3.0 Hexes
 - Level 8.0 Invocations
 - Level 4.5 Evocations


You had 13 spell levels left.
You knew the following spells:

 Your Spells              Type           Power      Damage    Failure   Level
a - Corona                Hex            11%        N/A       7%          1

Your spell library contained the following spells:

 Spells                   Type           Power      Damage    Failure   Level
 Slow                     Hex            10%        N/A       10%         2
 Confusing Touch          Hex            10%        N/A       21%         3
 Blink                    Tloc           N/A        N/A       34%         2
 Sublimation of Blood     Necr           0%         N/A       34%         2
 Wereblood                Tmut           0%         N/A       34%         2
 Inner Flame              Hex/Fire       5%         N/A       36%         3
 Portal Projectile        Hex/Tloc       10%        N/A       36%         3
 Cause Fear               Hex            5%         N/A       54%         4
 Gell's Gravitas          Tloc           0%         N/A       56%         3
 Lesser Beckoning         Tloc           0%         N/A       56%         3
 Teleport Other           Tloc           0%         N/A       56%         3
 Animate Dead             Necr           0%         N/A       92%         4
 Yara's Violent Unravell  Hex/Tmut       2%         3d3       98%         5
 Manifold Assault         Tloc           0%         N/A       99%         5
 Dragon Form              Tmut           0%         N/A       100%        7
 Haunt                    Necr/Summ      0%         N/A       100%        7
 Storm Form               Tmut/Air       0%         N/A       100%        7
 Summon Hydra             Summ           0%         N/A       100%        7
 Infestation              Necr           0%         N/A       100%        8
 Dragon's Call            Summ           0%         N/A       100%        9


Dungeon Overview and Level Annotations

Branches:
Dungeon (11/15)            Temple (1/1) D:7            Lair (4/6) D:11
 Shoals (0/4) Lair:3       Spider (0/4) Lair:3          Orc (0/2) D:9
  Sewer (visited)         Gauntlet (1/1)

Altars:
Ashenzari
Cheibriados
Dithmenos
Elyvilon
Fedhas
Gozag
Hepliaklqana
Makhleb
Nemelex Xobeh
Okawaru
Qazlal
Ru
Sif Muna
Trog
Uskayaw
Vehumet
Wu Jian
Xom
Yredelemnul
Zin

Shops:
D:1 *   D:10 (

Annotations:
D:6 1 runed translucent door, coldfrog's ghost, novice DrVM
D:7 Harold
D:8 exclusion: 3 killer bees
D:9 exclusions: cyclops and door
D:11 exclusion: cyclops, Psyche
Lair:2 3 runed translucent doors, shadowrider38's ghost, journeyman OpBe Gauntlet 14 runed translucent doors, 14 transporters


Innate Abilities, Weirdness & Mutations

You cannot wear most types of armour.
You are amphibious.
You can wear up to eight rings at the same time.
Your skin changes colour to match your surroundings (Stealth+).
Your rubbery body absorbs attacks. (AC +1, EV +1)
((You are camouflaged near water. (Stealth+)))
You have tentacles for arms and can constrict up to eight enemies at once.


Message History

Unknown command.
You are too injured to fight recklessly!
You are too injured to fight recklessly!
Unknown command.
You are too injured to fight recklessly!
Fire: 80 sling bullets
Press: ? - help, Q - select action, (/) - cycle Shift-Dir - straight line, f/p - soul eater
Aim: a soul eater (heavily wounded, 75% to hit)
Fire: 80 sling bullets
Press: ? - help, Q - select action, (/) - cycle Shift-Dir - straight line, f/p - soul eater
Aim: a soul eater (heavily wounded, 75% to hit)
You shoot a sling bullet. The sling bullet hits the soul eater.
The soul eater is severely wounded.
The shadow imp closely misses you. The soul eater hits you!
* * * LOW HITPOINT WARNING * * *
You feel drained.
* * * LOW HITPOINT WARNING * * *
Fire: 79 sling bullets
Press: ? - help, Q - select action, (/) - cycle Shift-Dir - straight line, f/p - soul eater
Aim: a soul eater (severely wounded, 75% to hit)
You shoot a sling bullet. The sling bullet hits the soul eater.
The soul eater is severely wounded.
The shadow imp misses you.
Fire: 78 sling bullets
Press: ? - help, Q - select action, (/) - cycle Shift-Dir - straight line, f/p - soul eater
Aim: a soul eater (severely wounded, 75% to hit)
You shoot a sling bullet.
The sling bullet closely misses the soul eater.
The soul eater misses you. The shadow imp misses you.
Unknown command.
Fire: 77 sling bullets
Press: ? - help, Q - select action, (/) - cycle Shift-Dir - straight line, f/p - soul eater
Aim: a soul eater (severely wounded, 75% to hit)
You shoot a sling bullet.
The sling bullet hits the soul eater but does no damage.
The soul eater is severely wounded.
The soul eater hits you!!
* * * LOW HITPOINT WARNING * * *
You feel drained.
You die...

# #8# #8# #8# #8# #8#
########################
.......§§≈............§#
........§..............###
#######...###########..#8#
......#...#..+..'(.(#..###
^.^##.#.∩.#..+(.5(..#....#
#.##..#...#++#'3##.?#....###
#.#..y#...#..'.5@+..###..#8#
#©^...#©.©#©.#...+.©#©#..###
#.#...#...#..+...+..#.#..#
#.##..#...#++#''##.$#.#..###
^..##y#...#..+..+...#.#..#8#
....y.#...#..+..+...#.#..########
#######.§.###########.#........#8
........≈...........#.#........##
###....≈8≈....#######.#######....


You could see a soul eater and 2 shadow imps.

Vanquished Creatures
  2 hydras (Lair:2)
  A boulder beetle (Lair:3)
  2 two-headed ogres
  Pikel (D:8)
  A necromancer (Lair:2)
  An orb spider (Lair:3)
  4 cane toads
  A rime drake (Lair:3)
  A polar bear (Lair:2)
  4 trolls
  15 blink frogs
  2 wyverns
  A wraith (D:10)
  42 yaks
  A water elemental (D:11)
  A steam dragon (Lair:3)
  2 acid dragons (D:11)
  A warg (D:8)
  7 water moccasins
  Duvessa (D:7)
  An ice beast (D:5)
  A black bear (D:6)
  Purgy (Sewer)
  An orc warrior (D:9)
  4 centaurs
  An ogre (D:5)
  A necrophage (D:6)
  25 wolves
  A lemure (D:8)
  2 kobold brigands
  7 bullfrogs
  4 scorpions
  Dowan (D:7)
  20 killer bees
  3 howler monkeys (D:9)
  5 electric eels
  4 centaur zombies
  6 hounds
  4 jellies
  6 orc priests
  A gnoll shaman (D:9)
  3 iron imps (D:3)
  5 iguanas
  9 orc wizards
  2 polar bear simulacra (Lair:2)
  5 wolf simulacra (Lair:2)
  2 yak simulacra (Lair:2)
  2 killer bee zombies
  A howler monkey zombie (D:6)
  6 gnolls
  2 howler monkey skeletons
  7 adders
  2 river rats (D:3)
  A shadow imp (Gauntlet)
  A worm (D:2)
  2 dart slugs
  30 orcs
  8 endoplasms
  2 giant cockroaches
  A goblin (D:1)
  4 hobgoblins
  2 jackals (D:1)
  2 quokkas (D:1)
  10 ball pythons
  7 bats
  9 frilled lizards
  12 kobolds
  9 rats
  2 river rat simulacra (Lair:2)
338 creatures vanquished.

Vanquished Creatures (others)
  19 fungi
  65 plants
84 creatures vanquished.

Grand Total: 422 creatures vanquished

Notes
Turn   | Place    | Note
-------+----------+-------------------------------------------
     0 | D:1      | SnakkuSnakku7 the Octopode Arcane Marksman began the quest
                  | for the Orb.
     0 | D:1      | Reached XP level 1. HP: 13/13 MP: 2/2
    49 | D:1      | Found a faded altar of an unknown god.
    73 | D:1      | Reached XP level 2. HP: 11/18 MP: 3/3
   550 | D:1      | Found Sufegoic's General Store.
   602 | D:1      | Reached XP level 3. HP: 14/23 MP: 4/4
   876 | D:2      | Reached XP level 4. HP: 22/28 MP: 5/5
   938 | D:2      | Found a basalt altar of Yredelemnul.
  1758 | D:3      | Found a glowing drain.
  1765 | D:3      | Reached skill level 5 in Slings
  1765 | D:3      | Reached XP level 5. HP: 10/33 MP: 6/6
  1910 | Sewer    | Entered a sewer
  1929 | Sewer    | Noticed Purgy
  2049 | Sewer    | Killed Purgy
  2050 | Sewer    | Reached XP level 6. HP: 33/38 MP: 7/7
  2344 | D:3      | Found a burning altar of Makhleb.
  3301 | D:4      | Reached XP level 7. HP: 36/43 MP: 8/8
  3502 | D:5      | Entered Level 5 of the Dungeon
  4184 | D:5      | Reached XP level 8. HP: 42/48 MP: 9/9
  4561 | D:1      | Bought 26 sling bullets for 156 gold pieces
  4561 | D:1      | Bought a scroll of blinking for 90 gold pieces
  5084 | D:6      | Reached skill level 10 in Slings
  5590 | D:6      | Found a runed translucent door.
  5590 | D:6      | Found a shimmering altar of Xom.
  5590 | D:6      | Noticed a +1 rapier of chaos
  5590 | D:6      | Noticed coldfrog's ghost (novice DrVM)
  6121 | D:7      | Reached XP level 9. HP: 19/53 MP: 10/10
  6581 | D:6      | HP: 2/53 [poisoned by a killer bee]
  7098 | D:7      | Noticed Duvessa
  7119 | D:7      | Noticed Dowan
  7122 | D:7      | Killed Duvessa
  7134 | D:7      | Killed Dowan
  7176 | D:7      | Noticed Harold
  7241 | D:7      | Found a glowing silver altar of Zin.
  7249 | D:7      | Found a stormy altar of Qazlal.
  7253 | D:7      | Found a broken altar of Ashenzari.
  7258 | D:7      | Found a hide-covered altar of Uskayaw.
  7263 | D:7      | Found a radiant altar of Vehumet.
  7268 | D:7      | Found an opulent altar of Gozag.
  7273 | D:7      | Found a shimmering blue altar of Sif Muna.
  7672 | D:8      | Noticed Pikel
  7688 | D:8      | Killed Pikel
  7765 | D:8      | HP: 2/58 [orc wizard/puff of flame (9)]
  8282 | D:8      | Reached skill level 5 in Fighting
  9058 | D:9      | Noticed a two-headed ogre
  9138 | D:7      | Found a staircase to the Ecumenical Temple.
  9147 | Temple   | Entered the Ecumenical Temple
  9156 | Temple   | Became a worshipper of Warmaster Okawaru
  9323 | D:9      | Noticed a troll
  9630 | D:9      | Found a staircase to the Orcish Mines.
  9663 | D:8      | HP: 2/62 [warg (15)]
 10206 | D:8      | Reached XP level 10. HP: 49/69 MP: 11/11
 10872 | D:8      | Reached * piety under Okawaru
 11931 | D:9      | Killed a two-headed ogre
 12095 | D:9      | Noticed a cyclops
 12205 | D:10     | Entered Level 10 of the Dungeon
 12205 | D:10     | Found Teibyin's Antique Weapon Shop.
 12275 | D:9      | Reached ** piety under Okawaru
 12276 | D:9      | Reached skill level 10 in Fighting
 12276 | D:9      | Reached skill level 1 in Invocations
 13119 | D:9      | Reached *** piety under Okawaru
 13120 | D:9      | Reached skill level 5 in Invocations
 13120 | D:9      | Reached XP level 11. HP: 27/81 MP: 13/15
 13857 | D:9      | Received a gift from Okawaru
 14602 | D:10     | Found a snail-covered altar of Cheibriados.
 14675 | D:10     | Noticed a two-headed ogre
 14721 | D:10     | Killed a two-headed ogre
 14721 | D:10     | Received a gift from Okawaru
 15139 | D:11     | Found a radiant altar of Vehumet.
 15463 | D:11     | Noticed a cyclops
 15589 | D:11     | Reached **** piety under Okawaru
 16335 | D:11     | Noticed Psyche
 16383 | D:10     | Reached skill level 5 in Dodging
 16536 | D:11     | Found a staircase to the Lair.
 17880 | D:11     | HP: 3/79 [poisoned by Psyche]
 18241 | Lair:1   | Entered Level 1 of the Lair of Beasts
 19269 | Lair:2   | Received a gift from Okawaru
 19845 | Lair:1   | Reached XP level 12. HP: 27/87 MP: 11/18
 20125 | Lair:2   | Noticed a seven-headed hydra
 20125 | Lair:2   | Noticed a five-headed hydra
 20312 | Lair:2   | Found a runed translucent gate.
 20312 | Lair:2   | Found a runed translucent gate.
 20321 | Lair:2   | Noticed a four-headed hydra
 20577 | Lair:2   | Received a gift from Okawaru
 21172 | Lair:2   | Noticed shadowrider38's ghost (journeyman OpBe)
 21172 | Lair:2   | Noticed an ice dragon
 21218 | Lair:2   | Killed a four-headed hydra
 21241 | Lair:2   | Reached skill level 10 in Dodging
 21245 | Lair:2   | Received a gift from Okawaru
 21246 | Lair:2   | Reached skill level 1 in Stealth
 21247 | Lair:2   | HP: 4/87 [wolf (10)]
 21252 | Lair:2   | HP: 1/87 [bullfrog (4)]
 21613 | Lair:2   | Found a runed translucent gate.
 21685 | Lair:2   | Received a gift from Okawaru
 22041 | Lair:1   | Reached skill level 5 in Stealth
 22556 | Lair:2   | Killed a five-headed hydra
 22556 | Lair:2   | Reached ***** piety under Okawaru
 23691 | Lair:3   | Found a staircase to the Shoals.
 23796 | Lair:3   | Reached skill level 10 in Stealth
 23798 | Lair:3   | HP: 2/87 [wolf (9)]
 24655 | Lair:3   | Found a hole to the Spider Nest.
 24747 | Lair:3   | Reached XP level 13. HP: 65/92 MP: 14/19
 24749 | Lair:3   | Reached skill level 1 in Evocations
 24770 | Lair:3   | Identified the +6 hunting sling of Glory {venom, +Blink rC-
                  | Str+4} (Okawaru gifted it to you on level 3 of the Lair of
                  | Beasts)
 24770 | Lair:3   | Received a gift from Okawaru
 25246 | Lair:4   | Identified a scroll of acquirement
 25248 | Lair:4   | Acquired a +2 vorpal fustibalus
 25308 | Lair:4   | Found a gate leading to a gauntlet.
 25317 | Gauntlet | Entered a Gauntlet
 25317 | Gauntlet | Found a large runed translucent door.
 25317 | Gauntlet | Found a large runed translucent door.
 25317 | Gauntlet | Found a large runed translucent door.
 25317 | Gauntlet | Found a large runed translucent door.
 25317 | Gauntlet | Found a large runed translucent door.
 25317 | Gauntlet | Found a large runed translucent door.
 25317 | Gauntlet | Found a runed translucent door.
 25317 | Gauntlet | Found a transporter.
 25317 | Gauntlet | Found a transporter.
 25317 | Gauntlet | Found a runed translucent door.
 25317 | Gauntlet | Found a large runed translucent door.
 25317 | Gauntlet | Found a large runed translucent door.
 25317 | Gauntlet | Found a large runed translucent door.
 25317 | Gauntlet | Found a large runed translucent door.
 25317 | Gauntlet | Found a large runed translucent door.
 25317 | Gauntlet | Found a large runed translucent door.
 25321 | Gauntlet | Found a transporter.
 25334 | Gauntlet | Found a transporter.
 25357 | Gauntlet | Found a transporter.
 25357 | Gauntlet | Found a transporter.
 25358 | Gauntlet | Found a transporter.
 25360 | Gauntlet | Found a transporter.
 25439 | Gauntlet | Found a transporter.
 25453 | Gauntlet | Found a transporter.
 25538 | Gauntlet | Found a large runed translucent door.
 25538 | Gauntlet | Found a large runed translucent door.
 25538 | Gauntlet | Found a large runed translucent door.
 25540 | Gauntlet | Found a runed translucent gate.
 25540 | Gauntlet | Found a runed translucent gate.
 25540 | Gauntlet | Found a runed translucent gate.
 25542 | Gauntlet | Found a transporter.
 25554 | Gauntlet | Found a large runed translucent door.
 25558 | Gauntlet | Found a transporter.
 25572 | Gauntlet | Found a transporter.
 25585 | Gauntlet | Found a transporter.
 25662 | Gauntlet | Found a transporter.
 25690 | Gauntlet | Slain by a soul eater

Illustrated notes

Levels and vault maps discovered:
D:1:      enne_arrival_octagon_isle, layout_basic, serial_shops, shop,
          hellmonk_ecumenical_altar_slurped_away
D:2:      layout_loops_ring, basic_altar
D:3:      layout_rooms, demons_altar, portal_sewer_entry_e, minmay_box_of_dots
D:4:      layout_basic, serial_bayou_ford_a
D:5:      layout_rooms
D:6:      layout_gridville, ebering_ghost_xom
D:7:      layout_cave_pools, grunt_temple_overflow_octagram,
          minmay_temple_entry_poolview, grunt_ministairs_11, uniq_harold,
          uniq_duvessa
D:8:      layout_gridville, ebering_ghost_inner_flame, uniq_pikel
D:9:      minmay_chambers_of_sixes, layout_gridville, david_orc_3,
          hangedman_decor_peaks_small
D:10:     layout_loops_ring, kennysheep_slug_shrine, serial_shops,
          nicolae_shop_trees, minivault_16
D:11:     layout_loops_cross, erik_lair_island, vehumet_crystals, uniq_psyche,
          uniq_sonja
Temple:   cyrus_circular_temple
Lair:1:   layout_long_grid
Lair:2:   layout_gridlike, serial_bayou, serial_bayou_lagoon_a,
          serial_bayou_shore_b, serial_bayou_pond_a, serial_bayou_pond_d,
          gammafunk_ghost_icy, eino_house_with_fridge
Lair:3:   layout_gridlike, shoals_dummy_entry,
          nicolae_spider_entry_orb_guardian, lemuel_fruit_tree,
          serial_bayou_shore_a
Lair:4:   layout_regular_city, basic_altar, gauntlet_entry_generic,
          disabler_island, minmay_lair_oklob_chamber
Gauntlet: gammafunk_gauntlet_branching
          [minmay_gauntlet_arena_make_your_own_arena,
          gammafunk_gauntlet_arena_split_x, nicolae_gauntlet_arena_t_cross,
          gammafunk_gauntlet_arena_open, gammafunk_gauntlet_arena_spirals,
          nicolae_gauntlet_arena_x, nicolae_gauntlet_arena_blocks,
          nicolae_gauntlet_swirl, gauntlet_exit_hidden_loot]

Skill      XL: |  1  2  3  4  5  6  7  8  9 10 11 12 13 |
---------------+----------------------------------------+-----
Slings         | 3 4 5 6 7 9 11 12 | 12.0
Fighting       | 6 10 | 10.0
Invocations    | 5 8 |  8.0
Dodging        | 8 10 | 10.0
Stealth        | 12 | 12.0
Evocations     | 4 |  4.5
Spellcasting   | |  1.0
Hexes          | |  3.0

Action                   |  1- 3 |  4- 6 |  7- 9 | 10-12 | 13-15 || total
-------------------------+-------+-------+-------+-------+-------++-------
Melee: Long sword        |    43 |    84 |   134 |       |       ||   261
       Constrict         |    11 |    22 |    37 |    73 |       ||   143
       Tentacles         |     5 |    18 |    36 |   150 |       ||   209
       Dagger            |       |       |    33 |   564 |     2 ||   599
       Unarmed           |       |       |       |     4 |       ||     4
 Fire: Hunting sling     |    13 |   104 |   212 |   522 |    39 ||   890
       Fustibalus        |       |       |       |       |    20 ||    20
Throw: Throwing net      |       |       |       |     2 |       ||     2
Invok: Heroism           |       |       |       |     4 |     1 ||     5
Evoke: Wand              |       |       |     8 |     8 |       ||    16
  Use: Scroll            |       |     6 |    17 |     9 |     7 ||    39
       Potion            |       |       |     6 |     3 |       ||     9
 Stab: Sleeping          |     5 |     5 |     2 |       |     1 ||    13
       Distracted        |       |       |     1 |     1 |       ||     2
       Held in net/web   |       |       |       |     1 |       ||     1
Armor: Skin              |     5 |     5 |     6 |    29 |       ||    45
Dodge: Dodged            |    18 |    97 |   253 |   768 |    14 ||  1150
       Rpst.: Long sword |     4 |    19 |    57 |       |       ||    80
